 Dungeon Crawl Stone Soup version 0.32-a0-86-g8db1b9f803 (webtiles) character file.

Game seed: 7501093888888707342

93 pokeman the Magician (level 4, 0/25 HPs)
             Began as a Deep Elf Hedge Wizard on Feb 5, 2024.
             Killed from afar by a white imp (9 damage)
             ... with a puff of frost
             ... on level 3 of the Dungeon.
             The game lasted 00:03:27 (2219 turns).

pokeman the Magician (Deep Elf Hedge Wizard)        Turns: 2219, Time: 00:03:28

Health: 0/25       AC:  3    Str:  7    XL:     4   Next: 37%
Magic:  7/13       EV: 12    Int: 21    God:
Gold:   114        SH:  0    Dex: 14    Spells: 6/14 levels left

rFire   . . .        a - +0 dagger
rCold   . . .        (no shield)
rNeg    . . .        b - +0 robe
rPois   .            c - +0 hat
rElec   .            (no cloak)
rCorr   .            o - +0 pair of gloves
SInv    .            (no boots)
Will    .....        (no amulet)
Stlth   ++           (no ring)
HPRegen 0.24/turn    (no ring)
MPRegen 0.13/turn

%: no passive effects
@: no status effects
A: no striking features
a: no special abilities


You were on level 3 of the Dungeon.
You visited 1 branch of the dungeon, and saw 3 of its levels.

You collected 114 gold pieces.

Inventory:

Hand Weapons
 a - a +0 dagger (weapon)
Armour
 b - a +0 robe (worn)
 c - a +0 hat (worn)
 o - a +0 pair of gloves (worn)
Jewellery
 p - an amulet of guardian spirit
Scrolls
 f - 3 scrolls of identify {unknown}
 i - a scroll of teleportation {unknown}
 j - a scroll of amnesia {unknown}
 l - a scroll of brand weapon {unknown}
 n - a scroll of vulnerability {unknown}
 q - a scroll of noise {unknown}
Potions
 d - a potion of magic
 e - a potion of might {unknown}
 g - a potion of haste {unknown}
 h - 2 potions of invisibility {unknown}
 k - a potion of heal wounds {unknown}
 m - 3 potions of brilliance {unknown}


   Skills:
 - Level 1.0 Fighting
 - Level 1.0 Armour
 + Level 2.7 Dodging
 + Level 2.8 Stealth
 * Level 5.6 Spellcasting
 + Level 2.2 Conjurations
 - Level 1.1 Summonings
 - Level 1.1 Translocations


You had 6 spell levels left.
You knew the following spells:

 Your Spells              Type           Power      Damage    Failure   Level
a - Magic Dart            Conj           60%        1d6       4%          1
b - Mephitic Cloud        Conj/Alch/Air  9%         N/A       22%         3
c - Call Imp              Summ           20%        N/A       10%         2
d - Blink                 Tloc           20%        N/A       10%         2

Your spell library contained the following spells:

 Spells                   Type           Power      Damage    Failure   Level
 Slow                     Hex            20%        N/A       11%         1
 Cigotuvi's Dreadful Rot  Necr/Alch/Air  10%        N/A       16%         2
 Conjure Ball Lightning   Conj/Air       5%         3x3d6     100%        6
 Discord                  Hex            2%         N/A       100%        8
 Disjunction              Tloc           5%         N/A       100%        8


Dungeon Overview and Level Annotations

Branches:
Dungeon (3/15)

Altars:
The Shining One


Message History

The magic dart hits the white imp but does no damage.
The white imp is moderately wounded.
The white imp gestures at you. The puff of frost hits you!
Casting: Magic Dart (safe; 4% risk of failure)
Confirm with . or Enter, or press ? or * to list all spells.
Aiming: Magic Dart (safe; 4% risk of failure)
Press: ? - help, Shift-Dir - straight line, f/p - white imp
Aim: a white imp (moderately wounded, 100% to hit)
The magic dart hits the white imp.
The white imp is heavily wounded.
Casting: Magic Dart (safe; 4% risk of failure)
Confirm with . or Enter, or press ? or * to list all spells.
Aiming: Magic Dart (safe; 4% risk of failure)
Press: ? - help, Shift-Dir - straight line, f/p - white imp
Aim: a white imp (heavily wounded, 100% to hit)
The magic dart hits the white imp but does no damage.
The white imp is heavily wounded.
The white imp gestures at you. The puff of frost misses you.
Casting: Magic Dart (safe; 4% risk of failure)
Confirm with . or Enter, or press ? or * to list all spells.
Aiming: Magic Dart (safe; 4% risk of failure)
Press: ? - help, Shift-Dir - straight line, f/p - white imp
Aim: a white imp (heavily wounded, 100% to hit)
The magic dart hits the white imp but does no damage.
The white imp is heavily wounded.
Unknown command.
Casting: Magic Dart (safe; 4% risk of failure)
Confirm with . or Enter, or press ? or * to list all spells.
Aiming: Magic Dart (safe; 4% risk of failure)
Press: ? - help, Shift-Dir - straight line, f/p - white imp
Aim: a white imp (heavily wounded, 100% to hit)
The magic dart hits the white imp.
The white imp is heavily wounded.
A hobgoblin zombie comes into view.
The kobold skeleton hits you but does no damage.
The white imp gestures at you. The puff of frost hits you!
You die...

#..................#
###.#####.........#
####.## ##.......###
.##.....## #####)....#
.........## ##..##.###
.......<..######..........
..........................
..........######..........
..........# #@.........
........†.......Z.......##
..........##..##..†###..#
.........##.. #...5. ...
.##.....##.. #...##. .. ..
##... Z_ # ..## . ..$


You could see a white imp, a hobgoblin zombie (wandering) and a kobold skeleton.

Vanquished Creatures
  4 adders (D:2)
  A dart slug (D:1)
  2 ribbon worms (D:2)
  An orc (D:3)
  6 endoplasms
  3 giant cockroaches
  4 goblins
  5 hobgoblins
  3 jackals (D:2)
  2 kobolds (D:2)
  5 ball pythons
  5 bats
  A frilled lizard (D:2)
  A goblin skeleton (D:3)
  A kobold skeleton (D:3)
  3 kobold zombies (D:3)
  An orc skeleton (D:3)
  3 rats
51 creatures vanquished.

Notes
Turn   | Place    | Note
-------+----------+-------------------------------------------
     0 | D:1      | pokeman the Deep Elf Hedge Wizard began the quest for the
                  | Orb.
     0 | D:1      | Reached XP level 1. HP: 10/10 MP: 7/7
   208 | D:1      | Reached XP level 2. HP: 16/16 MP: 3/9
   711 | D:1      | Reached skill level 5 in Spellcasting
  1025 | D:2      | Reached XP level 3. HP: 20/20 MP: 4/11
  1034 | D:2      | Learned a level 3 spell: Mephitic Cloud
  1037 | D:2      | Learned a level 2 spell: Call Imp
  1040 | D:2      | Learned a level 2 spell: Blink
  1394 | D:2      | Reached skill level 1 in Fighting
  1424 | D:2      | Reached skill level 1 in Armour
  1763 | D:2      | Reached XP level 4. HP: 25/25 MP: 3/13
  2212 | D:3      | Found a glowing golden altar of the Shining One.
  2219 | D:3      | Killed from afar by a white imp

Illustrated notes

Levels and vault maps discovered:
D:1:      ldierk_walled_garden_2, layout_rooms
D:2:      layout_loops_ring
D:3:      layout_rooms, nicolae_tso_besieged_by_evil,
          mainiacjoe_overflow_big_doors, serial_shops, nicolae_shop_trees,
          feat_on_display

Skill      XL: |  1  2  3 |
---------------+----------+-----
Spellcasting   | 5 |  5.6
Fighting       | 1 |  1.0
Conjurations   | 2 |  2.2
Armour         | 1 |  1.0
Dodging        | |  2.7
Stealth        | |  2.8
Summonings     | |  1.1
Translocations | |  1.1

Action                     |  1- 3 |  4- 6 || total
---------------------------+-------+-------++-------
  Melee: Dagger            |    34 |     8 ||    42
         Punch             |     1 |     1 ||     2
   Cast: Magic Dart        |    95 |    37 ||   132
         Mephitic Cloud    |     2 |       ||     2
   Stab: Confused          |     2 |     1 ||     3
 Armour: Robe              |    25 |     8 ||    33
  Dodge: Dodged            |    29 |     6 ||    35

Table legend: (Time is in decaauts)
 A = Elapsed time spent in this place.
 B = Non-inter-level travel time spent in this place.
 C = Inter-level travel time spent in this place.
 D = Time resting spent in this place.
 E = Time spent auto-exploring this place.
 F = Levels seen in this place.
 G = Mean time per level.
                   A        B        C        D        E       F      G
               +--------+--------+--------+--------+--------+-----+--------+
         Total |   2219 |   2199 |     20 |      0 |   1851 |   3 |  739.7 |
       Dungeon |   2219 |   2199 |     20 |      0 |   1851 |   3 |  739.7 |
               +--------+--------+--------+--------+--------+-----+--------+

Top non-repeatable levels by time:
     D:2: 1168 daAuts
     D:1: 852 daAuts
     D:3: 198 daAuts
